 Dungeon Crawl Stone Soup version 0.28.0 (webtiles) character file.

Game seed: 1034165744890854325

455 browni3141 the Skirmisher (level 6, -5/57 HPs)
             Began as a Minotaur Berserker on Feb 16, 2022.
             Was a Believer of Trog.
             Slain by SnakkuSnakku7's ghost (14 damage)
             ... on level 4 of the Dungeon.
             The game lasted 00:02:06 (3261 turns).

browni3141 the Skirmisher (Minotaur Berserker)      Turns: 3261, Time: 00:02:07

Health: -5/57      AC: 12    Str: 24    XL:     6   Next: 76%
Magic:  5/5        EV:  8    Int:  4    God:    Trog [**....]
Gold:   95         SH:  8    Dex:  9    Spells: 5/5 levels left

rFire   x . .      SeeInvis .   a - +0 hand axe
rCold   + + .      Faith    .   j - +0 kite shield
rNeg    . . .      Spirit   .   w - +0 ice dragon scales
rPois   .          Reflect  .   (helmet restricted)
rElec   .          Harm     .   (no cloak)
rCorr   .          Rampage  .   i - +0 pair of gloves
Will    .....                   (no boots)
Stlth   ..........              (no amulet)
HPRegen 0.19/turn               (no ring)
MPRegen 0.09/turn               (no ring)

@: on berserk cooldown, slowed, very slow
A: horns 2, retaliatory headbutt
a: Renounce Religion, Berserk, Trog's Hand


You were on level 4 of the Dungeon.
You worshipped Trog.
Trog was pleased with you.
You visited 1 branch of the dungeon, and saw 4 of its levels.

You collected 95 gold pieces.

Inventory:

Hand Weapons
 a - a +0 hand axe (weapon)
Armour
 b - a +0 animal skin
 i - a +0 pair of gloves (worn)
 j - a +0 kite shield (worn)
 n - a +0 chain mail
 w - +0 ice dragon scales (worn)
Jewellery
 l - a ring of fire
 q - a ring of fire
 t - a ring of magical power
Wands
 k - a wand of paralysis (9)
 m - a wand of iceblast (5)
 u - a wand of flame (16)
Scrolls
 c - 4 scrolls of identify {unknown}
 f - a scroll of fear {unknown}
 p - a scroll of amnesia {unknown}
 r - 2 scrolls of teleportation {unknown}
 s - a scroll of immolation {unknown}
 v - a scroll of noise {unknown}
 x - a scroll of blinking {unknown}
Potions
 d - a potion of attraction {unknown}
 e - a potion of might {unknown}
 g - a potion of curing {unknown}
 h - 2 potions of berserk rage {unknown}
 o - a potion of cancellation {unknown}


   Skills:
 + Level 5.7 Fighting
 + Level 5.6 Axes
 + Level 4.9 Armour
 - Level 2.1 Dodging
 + Level 3.3 Shields


You had 5 spell levels left.
You didn't know any spells.
Your spell library was empty.

Dungeon Overview and Level Annotations

Branches:
Dungeon (4/15)             Temple (0/1) D:4

Altars:
Beogh

Annotations:
D:4 SnakkuSnakku7's ghost, amateur HOFi


Innate Abilities, Weirdness & Mutations

You have a pair of horns on your head.
You reflexively headbutt those who attack you in melee.


Message History

You hit the orc.
You kill the orc!
Trog accepts your kill.
You slash the orc!
You kill the orc!
Trog accepts your kill.
SnakkuSnakku7's ghost completely misses you.
You barely miss SnakkuSnakku7's ghost.
SnakkuSnakku7's ghost is moderately damaged.
You slash SnakkuSnakku7's ghost!
SnakkuSnakku7's ghost is heavily damaged.
You are no longer berserk.
You are exhausted.
You feel yourself slow down. SnakkuSnakku7's ghost hits you.
You hit SnakkuSnakku7's ghost but do no damage.
SnakkuSnakku7's ghost is heavily damaged.
SnakkuSnakku7's ghost hits you.
SnakkuSnakku7's ghost completely misses you.
You hit SnakkuSnakku7's ghost but do no damage.
Your headbutt misses SnakkuSnakku7's ghost.
SnakkuSnakku7's ghost is heavily damaged.
SnakkuSnakku7's ghost barely misses you.
You block SnakkuSnakku7's ghost's attack.
You slash SnakkuSnakku7's ghost!
SnakkuSnakku7's ghost is severely damaged.
SnakkuSnakku7's ghost hits you!
* * * LOW HITPOINT WARNING * * *
You block SnakkuSnakku7's ghost's attack.
You are too injured to fight recklessly!
You are too injured to fight recklessly!
You hit SnakkuSnakku7's ghost. You headbutt SnakkuSnakku7's ghost.
SnakkuSnakku7's ghost is almost destroyed.
SnakkuSnakku7's ghost closely misses you.
You furiously retaliate!
You headbutt SnakkuSnakku7's ghost, but do no damage.
You closely miss SnakkuSnakku7's ghost. You headbutt SnakkuSnakku7's ghost.
SnakkuSnakku7's ghost is almost destroyed.
SnakkuSnakku7's ghost barely misses you.
SnakkuSnakku7's ghost hits you!
You die...

#.8#### ..
#..#...
....#..#..## #
#...#..#..#
..# #...#..#..
#..#
......#.#.)..#
#...).#o..[#
#...)@#.8._#
##..)W#...[#
#..#.#....#
#..#..##..#
#..#..#8..#
#..#..##..#
#..#.....8#
#.8#########
##.........##


You could see an orc priest and SnakkuSnakku7's ghost.

Vanquished Creatures
  An ogre (D:4)
  5 orc priests
  2 orc wizards (D:4)
  Ijyb (D:2)
  3 adders
  A shadow imp (D:4)
  15 orcs
  8 ball pythons
  9 endoplasms
  A hobgoblin (D:4)
  8 jackals
  10 kobolds
  4 quokkas
  6 bats
  4 frilled lizards
  17 goblins
  6 rats
101 creatures vanquished.

Notes
Turn   | Place    | Note
-------+----------+-------------------------------------------
     0 | D:1      | browni3141 the Minotaur Berserker began the quest for the
                  | Orb.
     0 | D:1      | Reached XP level 1. HP: 19/19 MP: 0/0
   177 | D:1      | Reached XP level 2. HP: 25/27 MP: 1/1
   979 | D:2      | Found a faded altar of an unknown god.
  1019 | D:2      | Reached XP level 3. HP: 33/33 MP: 2/2
  1383 | D:2      | Reached ** piety under Trog
  1673 | D:2      | Noticed Ijyb
  1681 | D:2      | Killed Ijyb
  1682 | D:2      | Reached skill level 1 in Shields
  1682 | D:2      | Reached XP level 4. HP: 41/41 MP: 3/3
  2101 | D:3      | Reached XP level 5. HP: 31/47 MP: 4/4
  2104 | D:3      | Reached skill level 5 in Fighting
  2104 | D:3      | Reached skill level 5 in Axes
  2905 | D:4      | Noticed an ogre
  2911 | D:4      | Killed an ogre
  2912 | D:4      | Reached XP level 6. HP: 56/56 MP: 5/5
  3158 | D:4      | Found a staircase to the Ecumenical Temple.
  3230 | D:4      | Found a runed translucent gate.
  3230 | D:4      | Noticed SnakkuSnakku7's ghost (amateur HOFi)
  3231 | D:4      | Found a runed translucent gate.
  3232 | D:4      | Found a runed translucent gate.
  3261 | D:4      | Slain by SnakkuSnakku7's ghost

Illustrated notes

Levels and vault maps discovered:
D:1:      minmay_arrival_three_doors, layout_loops_ring
D:2:      kennysheep_the_goblin_king, layout_loops_ring,
          ebering_ecumenical_altar_webs
D:3:      layout_basic, minmay_misc_feat_nine_boxes, wad_rectangle_vault
D:4:      layout_basic, temple_statues, biasface_ghost_orc_armoury

Skill      XL: |  1  2  3  4  5  6 |
---------------+-------------------+-----
Fighting       | 4 5 |  5.7
Axes           | 4 5 |  5.6
Armour         | 3 4 |  4.9
Shields        | 1 2 3 |  3.3
Dodging        | |  2.1

Action                   |  1- 3 |  4- 6 || total
-------------------------+-------+-------++-------
Melee: Hand axe          |    97 |   102 ||   199
       Headbutt          |     3 |    11 ||    14
Invok: Berserk           |     1 |     3 ||     4
       Trog's Hand       |       |     1 ||     1
 Stab: Sleeping          |     3 |       ||     3
Armor: Animal skin       |    31 |     3 ||    34
       Chain mail        |       |    51 ||    51
       Ice dragon scales |       |     8 ||     8
Dodge: Dodged            |    83 |    37 ||   120
Block: Kite shield       |    14 |    25 ||    39
